Map: [ESL] Inside and Out

Players

ShoWTimE

  • Race: Protoss Protoss
  • Spawn Location: 1:00

Serral - Winner!

  • Race: Zerg Zerg
  • Spawn Location: 7:00

Event: HomeStory Cup XXI

VOD

Have the link to the VOD?

Description

Time

  • Played on: July 23, 2022, 6:25 p.m.
  • Length: 12:28

All games in this series

Show
View Real Time Build Order
Export as new Build Order

ShoWTimE Protoss 

Build Orders: 1 Gate Expand, Oracle Opening 

Get SALT Encoding   

  12  0:00  Probe  
  13  0:12  Probe  
  14  0:18  Pylon  
  14  0:24  Probe (Chrono Boost)  
  15  0:36  Probe (Chrono Boost)  
  15  0:37  Gateway  
  16  0:45  Probe (Chrono Boost)  
  16  0:46  Assimilator  
  17  0:50  Probe  
  18  1:03  Probe  
  19  1:15  Probe  
  20  1:24  Nexus  
  20  1:27  Probe  
  21  1:38  Cybernetics Core  
  21  1:42  Assimilator  
  21  1:45  Probe  
  22  1:51  Pylon  
  22  1:57  Probe  
  23  2:09  Probe (Chrono Boost)  
  23  2:14  Adept  
  23  2:15  Stargate  
  26  2:19  Probe (Chrono Boost)  
  26  2:22  Warp Gate  
  27  2:24  Probe (Chrono Boost)  
  28  2:35  Probe (Chrono Boost)  
  30  2:42  Probe (Chrono Boost)  
  30  2:44  Stalker  
  33  2:45  Probe (Chrono Boost)  
  33  2:49  Probe (Chrono Boost)  
  33  2:50  Probe (Chrono Boost)  
  34  2:56  Oracle (Chrono Boost)  
  35  3:00  Probe  
  35  3:02  Probe  
  40  3:06  Pylon  
  40  3:12  Probe  
  41  3:14  Probe  
  41  3:18  Gateway  
  42  3:24  Probe, Oracle (Chrono Boost)  
  46  3:27  Probe  
  47  3:42  Nexus  
  47  3:46  Pylon  
  47  3:47  Probe  
  48  3:50  Probe  
  48  3:52  Oracle (Chrono Boost)  
  52  3:58  Assimilator  
  52  4:00  Assimilator  
  52  4:01  Probe  
  53  4:03  Probe  
  54  4:13  Probe  
  54  4:15  Probe, Forge  
  56  4:19  Twilight Council  
  56  4:25  Probe  
  56  4:27  Probe  
  56  4:28  Pylon  
  58  4:37  Probe (Chrono Boost)  
  59  4:39  Probe (Chrono Boost)  
  59  4:41  Gateway  
  59  4:44  Gateway  
  60  4:47  Protoss Ground Weapons Level 1 (Chrono Boost)  
  60  4:49  Probe (Chrono Boost)  
  60  4:51  Probe (Chrono Boost)  
  62  4:53  Blink (Chrono Boost)  
  62  4:56  Shield Battery  
  62  4:57  Probe (Chrono Boost)  
  62  4:58  Probe (Chrono Boost)  
  62  4:59  Probe (Chrono Boost)  
  65  5:05  Probe (Chrono Boost)  
  68  5:07  Probe (Chrono Boost)  
  68  5:08  Sentry x2, Probe (Chrono Boost)  
  68  5:10  Probe (Chrono Boost)  
  73  5:16  Probe  
  73  5:17  Probe  
  73  5:18  Pylon  
  73  5:20  Oracle  
  78  5:21  Probe  
  78  5:28  Probe  
  80  5:30  Gateway  
  80  5:31  Gateway  
  80  5:35  Probe  
  80  5:36  Gateway  
  80  5:37  Gateway  
  81  5:43  Stalker  
  81  5:49  Stalker x3  
  89  5:51  Pylon  
  89  5:58  Oracle (Chrono Boost)  
  92  6:05  Nexus  
  92  6:08  Pylon  
  92  6:09  Probe x2  
  92  6:10  Probe  
  95  6:25  Pylon  
  95  6:27  Probe x2  
  95  6:29  Probe  
  95  6:30  Charge  
  95  6:32  Oracle (Chrono Boost)  
  101  6:33  Stalker x2  
  101  6:34  Stalker x2  
  109  6:40  Shield Battery  
  109  6:42  Photon Cannon, Pylon  
  109  6:43  Pylon  
  109  6:46  Probe x2  
  109  6:47  Probe  
  109  6:53  Gateway  
  110  6:54  Gateway  
  110  7:05  Stalker x5  
  110  7:06  Stalker, Protoss Ground Weapons Level 2 (Chrono Boost)  
  122  7:09  Probe x2  
  122  7:12  Pylon  
  124  7:26  Zealot x2  
  124  7:28  Zealot x5  
  124  7:29  Zealot  
  140  7:34  Probe x4  
  144  7:46  Pylon  
  144  7:50  Zealot x2  
  146  7:52  Zealot x2  
  146  7:53  Zealot x3  
  146  7:56  Zealot  
  154  8:02  Probe  
  142  8:08  Probe x3  
  142  8:11  Nexus  
  142  8:12  Stalker x3  
  145  8:13  Stalker x2, Pylon  
  145  8:17  Stalker x2  
  143  8:20  Zealot  
  143  8:27  Photon Cannon  
  140  8:30  Shield Battery  
  140  8:33  Probe x3  
  140  8:34  Templar Archives, Probe, Assimilator  
  144  8:36  Zealot  
  144  8:39  Assimilator  
  146  8:45  Probe x3  
  146  8:46  Probe  
  150  8:49  Zealot x2  
  150  8:50  Zealot x5  
  150  8:55  Photon Cannon, Pylon  
  162  8:57  Probe  
  163  9:11  High Templar  
  163  9:12  High Templar x3  
  163  9:15  Archon  
  163  9:16  Archon  
  171  9:21  High Templar x2  
  171  9:26  Zealot x4  
  171  9:27  Photon Cannon, Archon  
  171  9:28  Photon Cannon  
  171  9:30  Photon Cannon  
  177  9:31  Gateway  
  177  9:32  Shield Battery  
  177  9:37  Probe x3, Shield Battery  
  177  9:38  Photon Cannon  
  160  9:39  Gateway  
  160  9:46  Zealot x5  
  160  9:47  Photon Cannon, Zealot x2  
  160  9:51  Photon Cannon  
  172  10:01  Robotics Facility, Zealot x2  
  172  10:02  Zealot  
  172  10:03  Robotics Facility  
  172  10:05  Probe x3  
  172  10:06  Probe  
  180  10:08  Probe  
  177  10:17  Probe x3  
  180  10:21  Stalker  
  180  10:22  Stalker x2  
  186  10:32  Zealot  
  186  10:33  Pylon, Zealot x4  
  178  10:36  Pylon  
  159  10:48  Stalker x5  
  163  10:52  Pylon  
  163  10:54  Pylon  
  163  10:56  Pylon  
  157  10:57  Nexus  
  157  10:58  Pylon x2  
  157  11:03  Immortal (Chrono Boost)  
  149  11:11  Immortal (Chrono Boost)  
  147  11:19  High Templar x6  
  147  11:20  Zealot x3  
  147  11:21  Probe x2  
  147  11:22  Probe  
  147  11:25  Archon x2, Assimilator x2  
  166  11:27  Zealot x3  
  166  11:28  Archon  
  166  11:30  Immortal  
  176  11:42  Observer, Zealot x3  
  177  11:58  Nexus  
  170  12:04  Zealot x9  
  170  12:05  Zealot x3  
  163  12:13  Probe x2  
  163  12:14  Probe x2  
Show
View Real Time Build Order
Export as new Build Order

Serral Zerg - Winner!

Build Orders: Hatch First 

Get SALT Encoding   

  12  0:00  Drone  
  13  0:11  Overlord  
  13  0:16  Drone  
  14  0:29  Drone  
  14  0:30  Drone  
  16  0:47  Hatchery  
  15  0:50  Drone  
  15  0:54  Drone  
  17  0:57  Drone  
  18  1:09  Extractor  
  17  1:12  Spawning Pool  
  17  1:15  Drone  
  17  1:20  Drone  
  18  1:27  Drone  
  19  1:38  Drone  
  20  1:52  Drone  
  21  1:59  Queen x2  
  21  2:00  Overlord, Zergling x2  
  26  2:09  Drone  
  26  2:10  Drone  
  28  2:21  Drone x2  
  30  2:31  Drone x2  
  30  2:34  Queen  
  30  2:36  Queen  
  34  2:42  Overlord  
  36  2:51  Hatchery  
  35  2:52  Drone  
  35  2:56  Overlord  
  36  3:00  Drone  
  36  3:03  Drone  
  36  3:04  Drone  
  39  3:08  Drone x2  
  39  3:09  Drone x2  
  43  3:14  Drone  
  43  3:18  Queen  
  46  3:23  Queen  
  48  3:27  Overlord  
  48  3:29  Drone  
  48  3:30  Drone  
  50  3:36  Zergling x2  
  50  3:37  Zergling x2  
  52  3:42  Overlord  
  52  3:50  Spore Crawler  
  52  3:52  Drone  
  52  3:54  Spore Crawler  
  50  3:57  Drone  
  50  3:58  Drone x5  
  50  4:00  Queen  
  58  4:06  Lair  
  58  4:13  Zergling x2  
  58  4:14  Overlord  
  58  4:15  Drone x2  
  61  4:18  Drone x2  
  63  4:24  Drone  
  63  4:25  Roach Warren, Drone  
  63  4:28  Overlord  
  63  4:30  Drone  
  65  4:34  Extractor  
  65  4:35  Drone x3  
  67  4:40  Queen  
  67  4:42  Drone x2  
  71  4:46  Drone x4  
  71  4:49  Drone x2  
  71  4:52  Overlord  
  77  4:53  Drone  
  77  4:55  Overlord  
  78  5:02  Evolution Chamber  
  78  5:07  Glial Reconstitution  
  77  5:08  Hatchery  
  77  5:09  Drone x2  
  77  5:11  Extractor, Drone  
  77  5:12  Extractor  
  77  5:15  Drone x3  
  77  5:18  Spore Crawler  
  77  5:19  Drone  
  77  5:20  Drone x2  
  82  5:25  Hatchery  
  82  5:26  Drone x3  
  85  5:29  Overlord  
  85  5:31  Metabolic Boost  
  85  5:32  Roach  
  87  5:37  Roach x3  
  87  5:40  Zerg Missile Weapons Level 1  
  93  5:43  Roach x2  
  93  5:44  Roach  
  93  5:48  Overlord  
  99  5:50  Roach x2  
  99  5:56  Overlord  
  102  5:58  Roach x3  
  102  6:03  Overlord x3  
  108  6:08  Drone x3  
  108  6:09  Drone  
  112  6:17  Drone x8  
  120  6:21  Roach  
  122  6:27  Roach  
  122  6:28  Roach  
  126  6:33  Roach x3  
  126  6:36  Overlord  
  126  6:38  Queen  
  134  6:41  Overlord  
  134  6:43  Roach  
  134  6:45  Drone  
  134  6:46  Drone  
  137  6:47  Baneling Nest, Evolution Chamber  
  137  6:49  Roach  
  137  6:50  Zergling x2  
  139  6:54  Zergling x10  
  139  6:56  Overlord  
  139  6:59  Hatchery  
  142  7:02  Zergling x6  
  142  7:06  Zergling x4  
  144  7:10  Zergling x8  
  144  7:13  Zerg Melee Weapons Level 1  
  144  7:15  Drone  
  149  7:16  Drone x3, Overlord, Extractor  
  149  7:18  Zergling x4  
  149  7:20  Zergling x4  
  149  7:21  Zergling x6  
  158  7:23  Overlord  
  158  7:28  Roach  
  160  7:31  Roach, Drone  
  160  7:32  Spine Crawler  
  160  7:34  Centrifugal Hooks  
  160  7:36  Roach  
  160  7:37  Roach, Baneling  
  166  7:38  Baneling x3  
  166  7:43  Queen x3  
  172  7:44  Zergling x2  
  172  7:45  Zergling x2  
  150  7:59  Roach x10  
  150  8:01  Hatchery  
  150  8:04  Roach x4  
  161  8:09  Roach  
  161  8:12  Roach  
  153  8:13  Roach x7  
  153  8:17  Queen  
  153  8:18  Roach  
  153  8:19  Roach x3  
  161  8:24  Zerg Missile Weapons Level 2, Hydralisk Den  
  159  8:30  Roach, Zergling x2  
  159  8:31  Roach, Zergling x4  
  166  8:35  Zergling x2  
  166  8:36  Zergling x2  
  166  8:37  Baneling x4  
  166  8:38  Zergling x2  
  166  8:39  Zergling x2  
  166  8:40  Zergling x4  
  172  8:41  Overlord  
  172  8:46  Zergling x10  
  177  8:54  Grooved Spines  
  177  8:55  Zergling x18  
  185  8:56  Zergling x2  
  185  9:02  Overlord  
  185  9:14  Baneling x9  
  185  9:18  Hydralisk x5  
  195  9:30  Zerg Melee Weapons Level 2  
  193  9:31  Hydralisk x3  
  193  9:32  Zergling x4  
  193  9:38  Hydralisk x2, Zergling x2  
  197  9:41  Zergling x2  
  197  9:43  Zergling x6  
  199  9:48  Baneling x5  
  199  9:50  Baneling  
  199  9:55  Extractor  
  199  9:59  Drone  
  199  10:03  Baneling x7  
  199  10:04  Baneling  
  193  10:10  Zergling x18  
  193  10:13  Baneling x5  
  197  10:15  Baneling  
  197  10:16  Hatchery  
  197  10:17  Baneling  
  197  10:20  Zergling x6  
  199  10:21  Baneling  
  197  10:32  Zergling x28  
  197  10:33  Zergling x2  
  186  10:36  Hydralisk x5  
  186  10:37  Zergling x6  
  186  10:40  Zergling x8  
  194  10:47  Zergling x12  
  199  10:54  Muscular Augments  
  199  11:00  Zergling x2  
  199  11:01  Zergling x2, Hatchery  
  200  11:07  Zergling x6  
  193  11:16  Hydralisk x3  
  199  11:24  Baneling  
  199  11:26  Baneling x9  
  199  11:27  Baneling x8  
  199  11:29  Baneling x7  
  199  11:31  Baneling  
  199  11:32  Extractor, Spore Crawler x2, Drone x3  
  198  11:37  Extractor  
  198  11:38  Infestation Pit  
  196  11:47  Drone x3  
  196  11:53  Zergling x6  
  187  12:05  Zergling x24  
  197  12:11  Zergling x4  
Tags
 
Add a new tag
Caveats
  • Supply blocks, unpowered buildings, or Contaminate may cause inaccurate times.
  • Supply counts are checked every 10 seconds.